 Dungeon Crawl Stone Soup version 0.29.1-12-g30fa7ad0bf (webtiles) character file.

Game seed: 12195292791393239127

18 Lutefisk the Sneak (level 2, 0/18 HPs)
             Began as a Kobold Brigand on Dec 27, 2022.
             Killed from afar by an orc wizard (3 damage)
             ... with a magic dart
             ... on level 3 of the Dungeon.
             The game lasted 00:03:05 (538 turns).

Lutefisk the Sneak (Kobold Brigand)                  Turns: 538, Time: 00:03:06

Health: 0/18       AC:  8    Str:  8    XL:     2   Next: 90%
Magic:  2/2        EV: 14    Int: 12    God:
Gold:   67         SH:  0    Dex: 16    Spells: 1/1 levels left

rFire   . . .      SeeInvis .   m - +2 short sword (flame)
rCold   . . .      Faith    .   (no shield)
rNeg    . . .      Spirit   .   b - +0 robe
rPois   .          Reflect  .   (no helmet)
rElec   .          Harm     .   c - +0 cloak
rCorr   .          Rampage  .   (no gloves)
Will    .....                   i - +0 pair of boots
Stlth   ++++......              (no amulet)
HPRegen 0.06/turn               k - +4 ring of protection
MPRegen 0.08/turn               (no ring)

@: no status effects
A: small, no large weapons, nightstalker 3
a: no special abilities


You were on level 3 of the Dungeon.
You visited 1 branch of the dungeon, and saw 3 of its levels.

You collected 67 gold pieces.

Inventory:

Hand Weapons
 a - a +2 dagger
 m - a +2 short sword of flaming (weapon)
Missiles
 d - 9 poisoned darts (quivered)
 e - 3 curare-tipped darts
Armour
 b - a +0 robe (worn)
 c - a +0 cloak (worn)
 i - a +0 pair of boots (worn)
Jewellery
 k - a +4 ring of protection (left hand)
Scrolls
 f - 2 scrolls of magic mapping {unknown}
 g - a scroll of vulnerability {unknown}
 h - 2 scrolls of identify {unknown}
Potions
 j - a potion of degeneration {unknown}
 l - 2 potions of invisibility {unknown}


   Skills:
 * Level 2.9 Fighting
 - Level 2.6 Short Blades
 - Level 2.1 Throwing
 - Level 1.2 Dodging
 * Level 5.9 Stealth


You had one spell level left.
You didn't know any spells.
Your spell library contained the following spells:

 Spells                   Type           Power      Damage    Failure   Level
 Summon Small Mammal      Summ           0%         N/A       32%         1
 Call Canine Familiar     Summ           0%         N/A       69%         3
 Summon Guardian Golem    Hex/Summ       0%         N/A       69%         3


Dungeon Overview and Level Annotations

Branches:
Dungeon (3/15)

Altars:
Zin


Innate Abilities, Weirdness & Mutations

You are small and have problems with some larger weapons.
You are completely attuned to the shadows.


Message History

Found 11 gold pieces.
You now have 67 gold pieces (gained 11).
An endoplasm comes into view.
The helpless endoplasm fails to defend itself.
You impale the endoplasm!! You burn the endoplasm.
You kill the endoplasm!
Found an escape hatch in the floor.
Found a stone staircase leading down.
There is a stone staircase leading down here.
You climb downwards.
Found 4 javelins and 4 stones.
Found a stone staircase leading down.
There is a stone staircase leading up here.
A kobold comes into view. It is wielding a +0 short sword.
Found 13 gold pieces.
An orc priest comes into view. It is wielding a +0 falchion.
Found a spear.
The helpless orc fails to defend itself.
You impale the orc!! You burn the orc.
You kill the orc!
An orc wizard comes into view. It is wielding a +0 dagger.
Things that are here:
a +0 trident; a +0 chain mail; an orc corpse The helpless orc fails to defend itself.
You impale the orc!! You burn the orc.
You kill the orc!
The orc wizard shouts!
The kobold shouts!
The kobold hits you but does no damage.
The orc priest shouts!
You hit the kobold. You burn the kobold.
You kill the kobold!
The orc priest attacks as you move away!
The orc priest hits you with a +0 falchion.
The orc priest mumbles some strange prayers to Beogh against you.
Beogh smites you!
Ouch! That really hurt!
* * * LOW HITPOINT WARNING * * *
There is a stone staircase leading up here.
The orc wizard casts a spell at you. The magic dart hits you.
You die...

......#
#......##
........#
#.....).##
#.....).).
#..(.).###
##o....#
#....##
#@o..#
#....#
#(.....
...>.##
.....#


You could see an orc priest and an orc wizard.

Vanquished Creatures
  2 orcs (D:3)
  A bat (D:1)
  An endoplasm (D:2)
  A giant cockroach (D:2)
  2 goblins
  A hobgoblin (D:1)
  A quokka (D:1)
  A frilled lizard (D:2)
  4 kobolds
  A rat (D:1)
15 creatures vanquished.

Notes
Turn   | Place    | Note
-------+----------+-------------------------------------------
     0 | D:1      | Lutefisk the Kobold Brigand began the quest for the Orb.
     0 | D:1      | Reached XP level 1. HP: 12/12 MP: 1/1
   167 | D:1      | Reached XP level 2. HP: 18/18 MP: 2/2
   388 | D:2      | Found a glowing silver altar of Zin.
   538 | D:3      | Killed from afar by an orc wizard

Illustrated notes

Levels and vault maps discovered:
D:1:      evilmike_arrival_plus, layout_basic
D:2:      layout_loops_corners, basic_altar
D:3:      layout_rooms, chequers_ecumenical_altar_simple, serial_bayou_pond_b,
          eino_tiny_chamber

Action                   || total
-------------------------++-------
Melee: Dagger            ||    14
       Short sword       ||     4
 Stab: Sleeping          ||     9
Armor: Robe              ||     3
Dodge: Dodged            ||     2
